 Dungeon Crawl Stone Soup version 0.28-a0-1412-gf95308ed99 (webtiles) character file.

Game seed: 2479215609573134736

4 riojii the Sneak (level 1, 3/10 HPs)
             Began as a Kobold Enchanter on Jan 7, 2022.
             Quit the game on level 1 of the Dungeon.
             The game lasted 00:00:19 (141 turns).

riojii the Sneak (Kobold Enchanter)                  Turns: 141, Time: 00:00:19

Health: 3/10       AC:  2    Str:  5    XL:     1   Next: 77%
Magic:  3/3        EV: 15    Int: 16    God:
Gold:   12         SH:  0    Dex: 15    Spells: 4/4 levels left

rFire   . . .      SeeInvis .   a - +1 dagger
rCold   . . .      Faith    .   (no shield)
rNeg    . . .      Spirit   .   b - +0 robe
rPois   .          Reflect  .   (no helmet)
rElec   .          Harm     .   (no cloak)
rCorr   .          Rampage  .   (no gloves)
Will    .....                   (no boots)
Stlth   ++++......              (no amulet)
HPRegen 0.03/turn               (no ring)
MPRegen 0.08/turn               (no ring)

@: no status effects
A: small, no large weapons, nightstalker 3
a: no special abilities


You were on level 1 of the Dungeon.
You visited 1 branch of the dungeon, and saw 1 of its levels.

You collected 12 gold pieces.

Inventory:

Hand Weapons
 a - a +1 dagger (weapon)
Armour
 b - a +0 robe (worn)
Scrolls
 d - a scroll of identify {unknown}
Potions
 c - a potion of invisibility


   Skills:
 - Level 1.3 Short Blades
 - Level 2.4 Dodging
 + Level 4.2 Stealth
 + Level 2.3 Spellcasting
 + Level 3.1 Hexes


You had 4 spell levels left.
You didn't know any spells.
Your spell library contained the following spells:

 Spells                   Type           Power      Damage    Failure   Level
 Ensorcelled Hibernation  Hex/Ice        12%        N/A       16%         2
 Confusing Touch          Hex            11%        N/A       17%         3
 Tukima's Dance           Hex            11%        N/A       17%         3
 Dazzling Flash           Conj/Hex       12%        N/A       32%         3


Dungeon Overview and Level Annotations

Branches:
Dungeon (1/15)

Altars:


Innate Abilities, Weirdness & Mutations

You are small and have problems with some larger weapons.
You are completely attuned to the shadows.


Message History

The ball python barely misses you.
You hit the ball python.
You kill the ball python!
No target in view!
You see here a ball python corpse.
A ball python comes into view.
A ball python is nearby!
Found 6 boomerangs.
You see here 19 stones.
The helpless ball python fails to defend itself.
You impale the ball python!!
You kill the ball python!
A kobold comes into view.
It is wielding a +0 short sword. 2 jackals come into view. 2 jackals come into view.
The jackal barks! x2; You hear an angry hiss.
An endoplasm comes into view.
The kobold barely misses you.
The jackal barks!
You miss the kobold.
The jackal barks!
The endoplasm quivers.
You hear a shout!
The jackal barely misses you. The kobold barely misses you.
You hit the kobold.
The kobold is moderately wounded.
The jackal bites you but does no damage.
The kobold misses you. The jackal barely misses you.
You hit the kobold but do no damage. You punch the kobold.
The kobold is severely wounded.
The kobold hits you with a +0 short sword.
The jackal bites you but does no damage.
You hit the kobold.
You kill the kobold!
You closely miss the jackal. The jackal bites you.
The jackal completely misses you. The jackal bites you.
* * * LOW HITPOINT WARNING * * *
The jackal completely misses you.
You are too injured to fight recklessly!
Are you sure you want to abandon this character and quit the game? (Confirm with "yes".)

#. ##.#####
####......###
...........##
#.###....#(.##†.#
..Jh@......#....#
..#h#h...#......#
..h.....####...#
#.#...(...#.##..#
#.#####.........#
#########[# #.#
#.# #.#


You could see an endoplasm and 4 jackals.

Vanquished Creatures
  A hobgoblin (D:1)
  2 ball pythons (D:1)
  A bat (D:1)
  A kobold (D:1)
5 creatures vanquished.

Notes
Turn   | Place    | Note
-------+----------+-------------------------------------------
     0 | D:1      | riojii the Kobold Enchanter began the quest for the Orb.
     0 | D:1      | Reached XP level 1. HP: 10/10 MP: 3/3
   141 | D:1      | Quit the game

Illustrated notes

Levels and vault maps discovered:
D:1:      lemuel_arrival_hallway, layout_loops_ring, minmay_misc_feat_square,
          nrook_mini_vaults

Action                   || total
-------------------------++-------
Melee: Dagger            ||    12
       Punch             ||     1
 Stab: Sleeping          ||     1
Armor: Robe              ||     2
Dodge: Dodged            ||    14

Table legend: (Time is in decaauts)
 A = Elapsed time spent in this place.
 B = Non-inter-level travel time spent in this place.
 C = Inter-level travel time spent in this place.
 D = Time resting spent in this place.
 E = Time spent auto-exploring this place.
 F = Levels seen in this place.
 G = Mean time per level.
                   A        B        C        D        E       F      G
               +--------+--------+--------+--------+--------+-----+--------+
         Total |    140 |    140 |      0 |      0 |    113 |   1 |  140.0 |
       Dungeon |    140 |    140 |      0 |      0 |    113 |   1 |  140.0 |
               +--------+--------+--------+--------+--------+-----+--------+

Top non-repeatable levels by time:
     D:1: 140 daAuts
